 Dungeon Crawl Stone Soup version 0.31-a0-43-g46d131a48f (webtiles) character file.

Game seed: 2959740834240452322

206 BlueFish the Charlatan (level 5, 0/42 HPs)
             Began as a Draconian Artificer on May 20, 2023.
             Slain by Pikel
             ... wielding a +2 whip of freezing
              (1 damage)
             ... on level 4 of the Dungeon.
             The game lasted 00:05:40 (2301 turns).

BlueFish the Charlatan (Draconian Artificer)        Turns: 2301, Time: 00:05:40

Health: 0/42       AC:  5    Str: 15    XL:     5   Next: 53%
Magic:  5/5        EV: 17    Int: 13    God:
Gold:   160        SH:  5    Dex: 11    Spells: 4/4 levels left

rFire   + . .        q - +4 short sword of Qesch {freeze, rPois rF+}
rCold   . . .        (no shield)
rNeg    . . .        (body armour unavailable)
rPois   +            (helmet restricted)
rElec   .            (no cloak)
rCorr   .            (no gloves)
SInv    +            (no boots)
Will    .....        s - amulet of reflection
Stlth   ++           i - +5 ring of evasion
HPRegen 0.27/turn    n - ring of see invisible
MPRegen 0.09/turn

%: reflection
@: no status effects
A: AC +5, unfitting armour, cold-blooded
a: no special abilities


You were on level 4 of the Dungeon.
You visited 1 branch of the dungeon, and saw 4 of its levels.

You collected 160 gold pieces.

Inventory:

Hand Weapons
 a - a +0 club
 f - a +0 dagger
 k - a +0 quarterstaff
 q - the +4 short sword of Qesch (weapon) {freeze, rPois rF+}
   (You found it on level 3 of the Dungeon)

   rF:        It protects you from fire.
   rPois:     It protects you from poison.
Missiles
 u - a throwing net
Jewellery
 i - a +5 ring of evasion (left hand)
 n - a ring of see invisible (right hand)
 s - an amulet of reflection (around neck)
Wands
 b - a wand of flame (15) (quivered)
 c - a wand of charming (15)
 d - a wand of iceblast (5)
Scrolls
 g - a scroll of vulnerability {unknown}
 m - a scroll of poison {unknown}
 p - a scroll of enchant armour {unknown}
 t - 2 scrolls of noise
Potions
 e - 2 potions of might
 h - 5 potions of curing
 j - a potion of cancellation {unknown}
 o - 2 potions of heal wounds {unknown}
 r - 2 potions of attraction {unknown}
 v - a potion of lignification {unknown}
 w - a potion of degeneration {unknown}


   Skills:
 + Level 2.7 Fighting
 + Level 1.1 Short Blades
 - Level 1.3 Staves
 + Level 3.1 Dodging
 + Level 2.5 Stealth
 + Level 3.9 Evocations


You had 4 spell levels left.
You didn't know any spells.
Your spell library was empty.

Dungeon Overview and Level Annotations

Branches:
Dungeon (4/15)
 Temple: D:4-7

Altars:

Shops:
D:2 [

Annotations:
D:4 Pikel


Innate Abilities, Weirdness & Mutations

Your plain brown scales are hard. (AC +5)
You cannot fit into any form of body armour.
You are cold-blooded and may be slowed by cold attacks.


Message History

The stone barely misses the kobold.
The kobold throws a stone.
The stone hits you.
A lemure comes into view.
You barely miss Pikel.
Your tail-slap misses Pikel.
Pikel completely misses you.
A lemure comes into view.
The kobold attacks as you move away! The kobold hits you with a +0 whip.
The lemure shouts!
Pikel attacks as you move away!
Pikel hits you with a +2 whip of freezing.
Pikel freezes you. The kobold attacks as you move away!
The kobold hits you with a +0 whip. You block the lemure's attack.
Pikel attacks as you move away! You block Pikel's attack.
Pikel says, "You'll burn in Gehenna!"
The lemure misses you. Pikel attacks as you move away!
Pikel hits you with a +2 whip of freezing.
Pikel freezes you. The lemure attacks as you move away! The lemure misses you.
Pikel attacks as you move away! Pikel completely misses you.
You miss the lemure. You hit Pikel but do no damage. You barely miss Pikel.
Pikel misses you.
You barely miss Pikel. Pikel misses you.
You barely miss Pikel. You tail-slap Pikel, but do no damage.
Pikel hits you with a +2 whip of freezing!
You feel yourself slow down. Pikel freezes you.
You hit Pikel but do no damage.
Pikel hits you with a +2 whip of freezing.
Pikel freezes you.
You miss Pikel.
Your tail-slap misses Pikel.
You feel yourself speed up.
Pikel hits you with a +2 whip of freezing!
* * * LOW HITPOINT WARNING * * *
Pikel freezes you.
* * * LOW HITPOINT WARNING * * *
Pikel says, "You'll make a fine lemure."
Pikel hits you with a +2 whip of freezing.
* * * LOW HITPOINT WARNING * * *
Pikel freezes you.
You die...

#.# #.. #.# #.# #.#
### ########<# ...
.........#
####.#############.#
.............55K@..#
.......#.....5.#####
........$####....#
###...#..# #.##.....
..... #..# #.#
###..# #.#.
#.....#.# .. . #
#........ #.....#.#
#.....#.#


You could see Pikel and 3 lemures.

Vanquished Creatures
  Natasha (D:4)
  Terence (D:2)
  4 gnolls (D:3)
  6 adders
  2 worms (D:2)
  A dart slug (D:2)
  An orc (D:3)
  3 bats
  3 endoplasms
  2 giant cockroaches (D:1)
  8 hobgoblins
  5 kobolds
  2 quokkas (D:2)
  8 ball pythons
  2 frilled lizards
  7 goblins
  2 rats
58 creatures vanquished.

Notes
Turn   | Place    | Note
-------+----------+-------------------------------------------
     0 | D:1      | BlueFish the Draconian Artificer began the quest for the
                  | Orb.
     0 | D:1      | Reached XP level 1. HP: 16/16 MP: 1/1
    67 | D:1      | Reached skill level 1 in Stealth
   159 | D:1      | Reached XP level 2. HP: 21/23 MP: 2/2
   882 | D:2      | Noticed Terence
   899 | D:2      | Killed Terence
   900 | D:2      | Reached XP level 3. HP: 11/29 MP: 3/3
  1116 | D:2      | Reached skill level 1 in Staves
  1135 | D:2      | Reached XP level 4. HP: 36/36 MP: 4/4
  1207 | D:2      | Found Erhenicu's Armour Shoppe.
  1557 | D:3      | Identified the +4 short sword of Qesch {freeze, rPois rF+}
  1704 | D:3      | Found a faded altar of an unknown god.
  1830 | D:3      | Reached XP level 5. HP: 23/42 MP: 5/5
  2214 | D:4      | Noticed a lemure
  2215 | D:4      | Noticed Natasha
  2228 | D:4      | Reached skill level 1 in Short Blades
  2232 | D:4      | Killed Natasha
  2281 | D:4      | Noticed Pikel
  2288 | D:4      | Noticed a lemure
  2289 | D:4      | Noticed a lemure
  2301 | D:4      | HP: 1/42 [Pikel/+2 whip of freezing (5)]
  2301 | D:4      | Slain by Pikel

Illustrated notes

Levels and vault maps discovered:
D:1:      tarquinn_simple_flora_water_d, layout_basic, chequers_big_river
D:2:      layout_rooms, serial_shops, shop, uniq_terence
D:3:      layout_loops_ring, hellmonk_ecumenical_altar_run_dry
D:4:      layout_basic, gammafunk_temple_overflow_statue, chequers_arboretum,
          uniq_robin, uniq_natasha, uniq_pikel

Skill      XL: |  1  2  3  4  5 |
---------------+----------------+-----
Stealth        | 1 2 |  2.5
Fighting       | 2 |  2.7
Staves         | 1 |  1.3
Dodging        | 3 |  3.1
Short Blades   | 1 |  1.1
Evocations     | |  3.9

Action                     |  1- 3 |  4- 6 || total
---------------------------+-------+-------++-------
  Melee: Dagger            |    54 |       ||    54
         Club              |    14 |       ||    14
         Tailslap          |    14 |    11 ||    25
         Punch             |     1 |     1 ||     2
         Quarterstaff      |    57 |    45 ||   102
         Short sword       |       |    54 ||    54
    Use: Scroll            |       |     3 ||     3
   Stab: Sleeping          |     2 |     3 ||     5
 Armour: Skin              |    29 |    16 ||    45
  Dodge: Dodged            |   117 |    77 ||   194
  Block: Other             |       |    10 ||    10
         Reflection        |       |     1 ||     1

Table legend: (Time is in decaauts)
 A = Elapsed time spent in this place.
 B = Non-inter-level travel time spent in this place.
 C = Inter-level travel time spent in this place.
 D = Time resting spent in this place.
 E = Time spent auto-exploring this place.
 F = Levels seen in this place.
 G = Mean time per level.
                   A        B        C        D        E       F      G
               +--------+--------+--------+--------+--------+-----+--------+
         Total |   2337 |   2239 |     98 |      0 |   1605 |   4 |  584.2 |
       Dungeon |   2337 |   2239 |     98 |      0 |   1605 |   4 |  584.2 |
               +--------+--------+--------+--------+--------+-----+--------+

Top non-repeatable levels by time:
     D:1: 814 daAuts
     D:2: 733 daAuts
     D:3: 695 daAuts
     D:4: 94 daAuts
